 Dungeon Crawl Stone Soup version 0.18.1-1-g2f07953 (webtiles) character file.

19 jacquesderrida the Grave Robber (level 2, -2/20 HPs)
             Began as a Demonspawn Necromancer on May 7, 2016.
             Was an Initiate of Makhleb.
             Slain by a scorpion (7 damage)
             ... on level 4 of the Dungeon.
             The game lasted 00:02:40 (433 turns).

jacquesderrida the Grave Robber (DsNe)               Turns: 433, Time: 00:02:40

Health: -2/20      AC:  3    Str:  8    XL:     2   Next: 55%
Magic:  5/5        EV: 12    Int: 16    God:    Makhleb [......]
Gold:   42         SH:  0    Dex: 13    Spells: 1 memorised, 4 levels left

rFire  . . .     SeeInvis .     f - +2 flail (drain)
rCold  . . .     Gourm    .     a - +0 robe
rNeg   . . .     Faith    .     (no shield)
rPois  .         Spirit   .     (no helmet)
rElec  .         Dismiss  .     (no cloak)
rCorr  .         Reflect  .     (no gloves)
SustAt .         Harm     .     (no boots)
MR     .....                    (no amulet)
Stlth  ++........               (no ring)
                                (no ring)

@: not resistant to hostile enchantments, unstealthy
A: rugged brown scales 1
a: Renounce Religion


You were on level 4 of the Dungeon.
You worshipped Makhleb.
Makhleb was noncommittal.
You were not hungry.

You visited 1 branch of the dungeon, and saw 4 of its levels.

You collected 42 gold pieces.

Inventory:

Hand Weapons
 d - a +0 dagger
 f - a +2 flail of draining (weapon)
 j - a +0 quarterstaff
Missiles
 o - 12 poisoned needles
Armour
 a - a +0 robe (worn)
Books
 b - a book of Necromancy

   Spells                             Type                      Level
   a - Pain                           Necromancy                   1
   b - Animate Skeleton               Necromancy                   1
   c - Vampiric Draining              Necromancy                   3
   d - Regeneration                   Charms/Necromancy            3
   e - Animate Dead                   Necromancy                   4
   f - Control Undead                 Necromancy                   4
Comestibles
 c - 2 bread rations


   Skills:
 - Level 0.8 Fighting
 + Level 1.7 Maces & Flails
 - Level 1.7 Dodging
 - Level 1.7 Stealth
 - Level 2.0 Spellcasting
 - Level 4.3 Necromancy


You had 4 spell levels left.
You knew the following spells:

 Your Spells              Type           Power        Failure   Level  Hunger
a - Pain                  Necr           ###.         4%          1    #......


Dungeon Overview and Level Annotations

Branches:
Dungeon (4/15)
 Temple: D:4-7

Altars:
Makhleb
Vehumet


Innate Abilities, Weirdness & Mutations

You are partially covered in rugged brown scales (AC +1, +3% HP).


Message History

Forget which spell ([?*] list [ESC] exit)?
Forget which spell ([?*] list [ESC] exit)?
Okay, then.
The scorpion stings you.
Read which item? (? for menu, Esc to quit)
As you read the scroll labeled IKKAEV GONELESS, it crumbles to dust.
Your +2 flail of draining glows faint leaf green for a moment.
It was a scroll of random uselessness.
The scorpion stings you!
* * * LOW HITPOINT WARNING * * *
You barely miss the scorpion. The scorpion barely misses you.
You hit the scorpion.
The scorpion is moderately wounded.
The scorpion barely misses you. x2
You closely miss the scorpion.
The scorpion is moderately wounded.
The scorpion closely misses you.
You barely miss the scorpion.
The scorpion is moderately wounded.
The scorpion stings you!
You die...

######
#§§§[#
#§#.##
#§#.# #.#.#
#§#..
#s####
#.@..#
####.# #.#
#########.#
#<........#
###########


You could see a scorpion.

Vanquished Creatures
  A bat (D:2)
  A giant cockroach (D:3)
  3 goblins
  2 hobgoblins
  A kobold (D:2)
  3 quokkas (D:2)
  A ball python (D:2)
  2 giant newts
  3 rats (D:2)
17 creatures vanquished.

Notes
Turn   | Place    | Note
--------------------------------------------------------------
     0 | D:1      | jacquesderrida the Demonspawn Necromancer began the quest for the Orb.
     0 | D:1      | Reached XP level 1. HP: 13/13 MP: 3/3
   140 | D:2      | Found a radiant altar of Vehumet.
   171 | D:2      | Reached skill level 1 in Maces & Flails
   174 | D:2      | Found a burning altar of Makhleb.
   182 | D:2      | Became a worshipper of Makhleb the Destroyer
   187 | D:2      | Gained mutation: You are partially covered in rugged brown scales (AC +1, +3% HP). [demonic ancestry]
   187 | D:2      | Reached XP level 2. HP: 7/20 MP: 5/5
   413 | D:4      | Noticed a scorpion
   433 | D:4      | Slain by a scorpion

Skill      XL: |  1 |
---------------+----+-----
Maces & Flails | 1 |  1.7
Fighting       | |  0.8
Dodging        | |  1.7
Stealth        | |  1.7
Spellcasting   | |  2.0
Necromancy     | |  4.3

Action                   || total
-------------------------++-------
Melee: Flail             ||    34
 Cast: Pain              ||     2
  Use: Scroll            ||     5
       Potion            ||     4
 Stab: Sleeping          ||     3
Armor: Robe              ||     9
Dodge: Dodged            ||    31
